 Dungeon Crawl Stone Soup version 0.31-a0-1074-g0b22e4e0f1 (webtiles) character file.

Game seed: 13724712595205305459

198 Gelion the Insei (level 5, -2/35 HPs)
             Began as an Octopode Shapeshifter on Dec 5, 2023.
             Slain by an orc
             ... wielding a +0 hand axe
              (7 damage)
             ... on level 4 of the Dungeon.
             The game lasted 00:02:58 (2215 turns).

Gelion the Insei (Octopode Shapeshifter)            Turns: 2215, Time: 00:02:59

Health: -2/35      AC:  1    Str: 13    XL:     5   Next: 77%
Magic:  0/5        EV: 13    Int: 12    God:
Gold:   173        SH:  0    Dex: 14    Spells: 4/4 levels left

rFire   . .          .
                       - Unarmed
rCold   . . .        (no shield)
rNeg    . . .        (helmet currently unavailable)
rPois   .            i - amulet of guardian spirit
rElec   .            (no ring)
rCorr   .            (no ring)
SInv    .            (no ring)
Will    .....        (no ring)
Stlth   ++           (no ring)
HPRegen 0.25/turn    (no ring)
MPRegen 0.09/turn    (no ring)
                     (no ring)

%: guardian spirit
@: beast-form
A: beast (slay +2), almost no armour, amphibious, 8 rings, camouflage 1,
gelatinous body 1, (nimble swimmer 1), tentacles
a: Begin Untransformation


You were on level 4 of the Dungeon.
You were a hulking beast.
You visited 1 branch of the dungeon, and saw 4 of its levels.

You collected 173 gold pieces.

Inventory:

Jewellery
 i - an amulet of guardian spirit (around mantle)
Talismans
 b - a beast talisman
 c - a flux talisman
Scrolls
 g - a scroll of enchant weapon {unknown}
 h - 3 scrolls of blinking {unknown}
 k - 2 scrolls of amnesia {unknown}
 l - a scroll of identify {unknown}
 n - a scroll of torment {unknown}
 o - 3 scrolls of teleportation {unknown}
 q - a scroll of vulnerability {unknown}
Potions
 a - 2 potions of lignification
 d - 4 potions of curing {unknown}
 e - 2 potions of degeneration {unknown}
 f - a potion of ambrosia {unknown}
 j - 2 potions of magic {unknown}
 m - a potion of brilliance {unknown}
 p - a potion of enlightenment {unknown}


   Skills:
 + Level 2.7 Fighting
 - Level 2.0 Dodging
 * Level 4.9 Unarmed Combat
 + Level 3.8 Shapeshifting


You had 4 spell levels left.
You didn't know any spells.
Your spell library contained the following spells:

 Spells                   Type           Power      Damage    Failure   Level
 Ensorcelled Hibernation  Hex/Ice        0%         N/A       45%         2
 Passwall                 Tmut/Erth      0%         N/A       45%         2
 Swiftness                Air            0%         N/A       69%         3


Dungeon Overview and Level Annotations

Branches:
Dungeon (4/15)
 Temple: D:4-7

Altars:
Dithmenos
Okawaru
Wu Jian
Yredelemnul


Innate Abilities, Weirdness & Mutations

You are a hulking beast.
Your limbs bulge with bestial killing power. (Slay +2)
You cannot wear most types of armour.
You are amphibious.
You can wear up to eight rings at the same time.
Your skin changes colour to match your surroundings (Stealth+).
Your rubbery body absorbs attacks. (AC +1, EV +1)
((You are camouflaged when in or above water. (Stealth+)))
You have tentacles for arms and can constrict up to eight enemies at once.


Message History

The orc wizard is moderately wounded.
You constrict the orc wizard, but do no damage.
The orc misses you. The orc wizard closely misses you.
You tentacle-slap the orc wizard.
The orc wizard is heavily wounded.
You constrict the orc wizard. The orc wizard barely misses you.
The orc barely misses you. The orc hits you with a +0 dagger.
The orc barely misses you.
You tentacle-slap the orc wizard but do no damage.
The orc wizard is severely wounded.
You constrict the orc wizard. The orc wizard closely misses you.
The orc hits you with a +0 hand axe. The orc barely misses you.
You tentacle-slap the orc wizard.
You kill the orc wizard!
The orc hits you with a +0 dagger. The orc barely misses you.
The orc wizard hits you with a +0 dagger.
The orc hits you with a +0 hand axe.
You tentacle-slap the orc wizard. Your grab misses the orc wizard.
Your squeeze misses the orc wizard.
The orc wizard is lightly wounded.
A quokka comes into view.
The orc wizard misses you. The orc misses you. The orc completely misses you.
The orc closely misses you.
You tentacle-slap the orc wizard but do no damage.
Your grab misses the orc wizard.
The orc wizard is lightly wounded.
The orc wizard hits you with a +0 dagger.
The orc hits you with a +0 dagger. The orc closely misses you.
The orc hits you with a +0 hand axe.
You are too injured to fight recklessly!
You are too injured to fight recklessly!
You are too injured to fight recklessly!
Unknown command.
You closely miss the orc wizard. Your grab misses the orc wizard.
The orc wizard is lightly wounded.
The orc wizard casts a spell at you. The puff of flame hits you!
* * * LOW HITPOINT WARNING * * *
The orc misses you. The orc hits you with a +0 hand axe!
You die...

...............
#....<.............
##._...............
.........#.........
......)..##.......#
.........##....# .# .#
.....)...#....###.##..#.
.........#....##o)......
.............$..ho..#
.........#......oo..#
.........#.....##.###
.......#####.?## ...
...... ....# ...# ......
.....# ##.# ......
.....## .. ..... ......
...


You could see an orc wizard and 3 orcs.

Vanquished Creatures
  A scorpion (D:3)
  An orc wizard (D:4)
  3 gnolls (D:2)
  2 adders (D:3)
  A worm (D:3)
  3 dart slugs
  An orc (D:4)
  5 ball pythons
  6 bats
  7 endoplasms
  2 giant cockroaches
  4 goblins
  2 hobgoblins
  A quokka (D:2)
  6 frilled lizards
  9 kobolds
  4 rats
58 creatures vanquished.

Notes
Turn   | Place    | Note
-------+----------+-------------------------------------------
     0 | D:1      | Gelion the Octopode Shapeshifter began the quest for the
                  | Orb.
     0 | D:1      | Reached XP level 1. HP: 13/13 MP: 1/1
    87 | D:1      | Reached XP level 2. HP: 18/18 MP: 2/2
   468 | D:1      | Reached XP level 3. HP: 23/23 MP: 3/3
   707 | D:2      | Found a basalt altar of Yredelemnul.
  1057 | D:2      | Reached skill level 4 in Unarmed Combat
  1057 | D:2      | Reached XP level 4. HP: 9/29 MP: 0/4
  1529 | D:3      | Found a faded altar of an unknown god.
  1583 | D:3      | Noticed a scorpion
  1592 | D:3      | Killed a scorpion
  1593 | D:3      | Reached XP level 5. HP: 22/35 MP: 3/5
  1796 | D:3      | Found a large runed translucent door.
  1802 | D:3      | Found a large runed translucent door.
  2156 | D:3      | Found an ornate altar of the Wu Jian Council.
  2164 | D:3      | Found an iron altar of Okawaru.
  2187 | D:4      | Found a shadowy altar of Dithmenos.
  2215 | D:4      | Slain by an orc

Illustrated notes

Levels and vault maps discovered:
D:1:      eino_arrival_water_star, layout_rooms, minmay_tromino_v7
D:2:      layout_loops_cross, basic_altar
D:3:      layout_loops_ring, jmf_multi_god_temple2,
          shapermc_ecumenical_altar_gd, corexii_item_surrounded_by_moat,
          st_stairs_13, minmay_misc_feat_rugged
D:4:      layout_cave_pools, overflow_temple_1_default,
          nicolae_qazlal_scattered_showers, nicolae_overflow_hidden_temple,
          temple_pool_b, serial_shops, shop

Skill      XL: |  1  2  3 |
---------------+----------+-----
Fighting       | 2 |  2.7
Unarmed Combat | 4 |  4.9
Dodging        | |  2.0
Shapeshifting  | |  3.8

Action                     |  1- 3 |  4- 6 || total
---------------------------+-------+-------++-------
  Melee: Unarmed           |    71 |    49 ||   120
         Constrict         |    19 |    16 ||    35
         Tentacles         |    13 |    11 ||    24
         Punch             |     2 |     1 ||     3
   Stab: Sleeping          |     3 |     6 ||     9
         Distracted        |       |     1 ||     1
 Armour: Skin              |    48 |    30 ||    78
  Dodge: Dodged            |    61 |    29 ||    90

Table legend: (Time is in decaauts)
 A = Elapsed time spent in this place.
 B = Non-inter-level travel time spent in this place.
 C = Inter-level travel time spent in this place.
 D = Time resting spent in this place.
 E = Time spent auto-exploring this place.
 F = Levels seen in this place.
 G = Mean time per level.
                   A        B        C        D        E       F      G
               +--------+--------+--------+--------+--------+-----+--------+
         Total |   2207 |   2135 |     72 |    148 |   1587 |   4 |  551.8 |
       Dungeon |   2207 |   2135 |     72 |    148 |   1587 |   4 |  551.8 |
               +--------+--------+--------+--------+--------+-----+--------+

Top non-repeatable levels by time:
     D:3: 819 daAuts
     D:1: 695 daAuts
     D:2: 665 daAuts
     D:4: 27 daAuts
